 Dungeon Crawl Stone Soup version 0.25.0-1-g7eea58d (webtiles) character file.

Game seed: 6629864321933401186

35294 tboon the Cleaver (level 13, 0/186 HPs)
             Began as a Minotaur Berserker on June 14, 2020.
             Was the Champion of Trog.
             Slain by a dire elephant (33 damage)
             ... on level 6 of the Lair of Beasts.
             The game lasted 00:52:05 (16275 turns).

tboon the Cleaver (Minotaur Berserker)             Turns: 16275, Time: 00:52:06

Health: 0/186      AC: 12    Str: 25    XL:     13   Next: 46%
Magic:  15/15      EV: 14    Int:  6    God:    Trog [******]
Gold:   813        SH:  6    Dex: 10    Spells: 12/12 levels left

rFire    . . .     SeeInvis .   a - +1 war axe
rCold    + + .     Gourm    .   D - +2 buckler {reflect}
rNeg     . . .     Faith    .   v - +0 scale mail {rC+}
rPois    .         Spirit   .   R - +0 hat {MR+}
rElec    .         Reflect  +   (no cloak)
rCorr    .         Harm     .   m - +0 pair of gloves
MR       ++...                  G - +0 pair of boots
Stlth    ..........             u - amulet of regeneration {+regen, !d}
HPRegen  0.81/turn              S - ring of protection from cold {rC+, !d}
MPRegen  0.14/turn              q - ring of protection from magic {MR+, !d}

@: berserking, very quick
A: retaliatory headbutt, horns 2
a: Berserk, Trog's Hand, Brothers in Arms, Renounce Religion


You were on level 6 of the Lair of Beasts.
You worshipped Trog.
Trog was exalted by your worship.
You were very hungry.

You visited 3 branches of the dungeon, and saw 18 of its levels.

You collected 978 gold pieces.
You spent 165 gold pieces at shops.

Inventory:

Hand Weapons
 a - a +1 war axe (weapon)
   (You took it off a kobold on level 2 of the Dungeon)
 b - a +4 scimitar of flaming
   (You took it off Erica on level 10 of the Dungeon)
 N - the +10 hand axe of Parts Unknown {flame, *Rage rF- Int+3 Dex+7, unknown}
   (You found it on level 4 of the Lair of Beasts)

   It has been specially enchanted to burn those struck by it, causing extra
   injury to most foes and up to half again as much damage against particularly
   susceptible opponents.
   Big, fiery blades are also staple armaments of hydra-hunters.
   It affects your intelligence (+3).
   It affects your dexterity (+7).
   It makes you vulnerable to fire.
   It may make you go berserk in combat.
Missiles
 i - 54 poisoned darts (quivered)
 Q - 6 atropa-tipped darts
 V - 10 curare-tipped darts
Armour
 m - a +0 pair of gloves (worn)
   (You found it on level 3 of the Dungeon)
 v - a +0 scale mail of cold resistance (worn)
   (You took it off Terence on level 2 of the Dungeon)
 D - a +2 buckler of reflection (worn)
   (You bought it in a shop on level 9 of the Dungeon)
 G - a +0 pair of boots (worn)
   (You found it on level 2 of the Lair of Beasts)
 P - a +0 cloak
   (You found it on level 5 of the Lair of Beasts)
 R - a +0 hat of magic resistance (worn)
   (You found it on level 4 of the Lair of Beasts)
Jewellery
 e - an uncursed amulet of reflection {unknown}
   (You found it on level 1 of the Lair of Beasts)
 h - an uncursed ring of positive energy {rN+}
   (You found it on level 4 of the Lair of Beasts)
 q - a ring of protection from magic (right hand) {MR+, !d}
   (You found it on level 2 of the Lair of Beasts)
 u - an amulet of regeneration (around neck) {+regen, !d}
   (You found it on level 2 of the Dungeon)
 L - the ring "Ruadd" {rElec rC+ rN+ Str-5}
   (You found it on level 1 of the Lair of Beasts)

   [ring of protection from cold]

   It affects your strength (-5).
   It protects you from cold.
   It insulates you from electricity.
   It protects you from negative energy.
 S - a ring of protection from cold (left hand) {rC+, !d}
   (You found it on level 5 of the Lair of Beasts)
Wands
 f - a wand of enslavement (8)
   (You found it on level 7 of the Dungeon)
 j - a wand of iceblast (14)
   (You found it on level 9 of the Dungeon)
 n - a wand of flame (5)
   (You took it off Sigmund on level 5 of the Dungeon)
 o - a wand of disintegration (13)
   (You found it on level 9 of the Dungeon)
 E - a wand of acid (8)
   (You took it off a big kobold on level 9 of the Dungeon)
 I - a wand of random effects (10)
   (You found it on level 10 of the Dungeon)
 J - a wand of paralysis (10)
   (You found it on level 2 of the Dungeon)
 U - a wand of clouds (1)
   (You found it on level 6 of the Lair of Beasts)
Scrolls
 l - 7 scrolls of enchant weapon
 r - 3 scrolls of magic mapping {!r}
 s - 5 scrolls of remove curse
 t - 14 scrolls of teleportation
 x - a scroll of blinking {!r}
 y - a scroll of fear
 F - a scroll of summoning {unknown}
 K - a scroll of torment {unknown}
 M - a scroll of silence {unknown}
 O - a scroll of random uselessness {unknown}
Potions
 d - 3 potions of curing
 g - 3 potions of lignification {!q}
 k - 2 potions of mutation {!q}
 p - a potion of resistance {unknown}
 z - a potion of flight
 A - 2 potions of cancellation
 B - a potion of invisibility {unknown}
 C - 2 potions of haste {unknown}
 H - a potion of brilliance {unknown}
 T - a potion of heal wounds {unknown}
Comestibles
 c - 26 rations
 w - 2 chunks of flesh


   Skills:
 + Level 14.0 Fighting
 - Level 5.0 Long Blades
 - Level 14.5 Axes
 + Level 13.7 Armour
 - Level 8.7 Dodging
 - Level 4.0 Shields
   Level 4.6 Invocations
 - Level 5.0 Evocations


You had 12 spell levels left.
You didn't know any spells.
Your spell library was empty.

Dungeon Overview and Level Annotations

Branches:
Dungeon (11/15)            Temple (1/1) D:7            Lair (6/6) D:8
  Swamp (0/4) Lair:3        Snake (0/4) Lair:3        Slime (0/5) Lair:5
    Orc: D:9-12

Altars:
Ashenzari
Fedhas
Makhleb
Ru
Uskayaw
Vehumet
Xom
Zin
Jiyva

Shops:
D:9 [

Annotations:
Lair:3 2 runed translucent doors, Deed's ghost, journeyman MiFi
Lair:4 3 runed translucent doors, Tunlugh's ghost, adept GrEE


Innate Abilities, Weirdness & Mutations

You reflexively headbutt those who attack you in melee.
You have a pair of horns on your head.


Message History

The poisoned dart hits the dire elephant.
Throwing (i - inventory)
i - 58 poisoned darts (quivered)
Press: ? - help, Shift-Dir - straight line, f/p - dire elephant
Aim: a dire elephant (poisoned)
You throw a poisoned dart. The poisoned dart hits the hippogriff.
The hippogriff is lightly wounded.
Throwing (i - inventory)
i - 57 poisoned darts (quivered)
Press: ? - help, Shift-Dir - straight line, f - hippogriff
Aim: a hippogriff (lightly wounded, poisoned)
You throw a poisoned dart. The poisoned dart hits the hippogriff.
The hippogriff looks even sicker.
The hippogriff is lightly wounded.
Throwing (i - inventory)
i - 56 poisoned darts (quivered)
Press: ? - help, Shift-Dir - straight line, f/p - hippogriff
Aim: a hippogriff (lightly wounded, very poisoned)
You throw a poisoned dart. The poisoned dart hits the hippogriff.
The hippogriff looks even sicker.
The hippogriff is lightly wounded.
Throwing (i - inventory)
i - 55 poisoned darts (quivered)
Press: ? - help, Shift-Dir - straight line, f - dire elephant, p - hippogriff
Aim: a dire elephant You throw a poisoned dart.
The poisoned dart hits the hippogriff.
The hippogriff looks as sick as possible!
The hippogriff is lightly wounded.
The hippogriff closely misses you. You block the hippogriff's attack.
The hippogriff misses you.
You hit the hippogriff but do no damage.
The hippogriff is lightly wounded.
You slash the hippogriff!
The hippogriff is heavily wounded.
The hippogriff bites you but does no damage.
The hippogriff pecks you but does no damage.
The hippogriff claws you.
You slice the hippogriff!!
The hippogriff is almost dead.
You kill the hippogriff!
Trog accepts your kill.
Your Fighting skill increases to level 14!
You hit the dire elephant but do no damage.
You headbutt the dire elephant!
The dire elephant is lightly wounded.
The dire elephant barely misses you. You furiously retaliate!
You headbutt the dire elephant, but do no damage.
The dire elephant trunk-slaps you.
You slash the dire elephant!
You headbutt the dire elephant, but do no damage.
The dire elephant is moderately wounded.
The dire elephant tramples you!!
You stumble backwards!
You hit the dire elephant.
The dire elephant is moderately wounded.
The dire elephant misses you. The dire elephant barely misses you.
You hit the dire elephant.
You headbutt the dire elephant, but do no damage.
The dire elephant is moderately wounded.
You hit the dire elephant but do no damage.
The dire elephant is moderately wounded.
The dire elephant tramples you.
You stumble backwards!
You hit the dire elephant but do no damage.
You headbutt the dire elephant.
The dire elephant is moderately wounded.
The dire elephant tramples you!!
You hold your ground!
The dire elephant trunk-slaps you but does no damage.
You hit the dire elephant but do no damage.
You headbutt the dire elephant, but do no damage.
The dire elephant is moderately wounded.
You block the dire elephant's attack. The dire elephant barely misses you.
You slash the dire elephant!
You headbutt the dire elephant, but do no damage.
The dire elephant is heavily wounded.
The dire elephant tramples you.
You hold your ground!
The dire elephant trunk-slaps you.
You hit the dire elephant.
The dire elephant is heavily wounded.
You slash the dire elephant!
The dire elephant is heavily wounded.
The dire elephant barely misses you. The dire elephant trunk-slaps you!
You hit the dire elephant.
The dire elephant is heavily wounded.
The dire elephant tramples you!
* * * LOW HITPOINT WARNING * * *
You hold your ground!
The dire elephant trunk-slaps you.
* * * LOW HITPOINT WARNING * * *
A red film seems to cover your vision as you go berserk!
You feel yourself moving faster!
You feel mighty!
You are feeling very hungry.
You block the dire elephant's attack.
The dire elephant completely misses you.
Some of the chunks of flesh in your inventory have rotted away.
You completely miss the dire elephant. You headbutt the dire elephant!
The dire elephant is severely wounded.
You hit the dire elephant. You headbutt the dire elephant!
The dire elephant is almost dead.
The dire elephant misses you. The dire elephant trunk-slaps you.
* * * LOW HITPOINT WARNING * * *
You slash the dire elephant!
The dire elephant is almost dead.
You slash the dire elephant!
The dire elephant is almost dead.
The dire elephant tramples you!!
You die...

♣♣♣P♣♣.♣♣
♣♣♣÷......♣♣ ♣
((
♣♣♣....♣♣♣...♣♣♣
♣.(♣ ♣♣...♣♣♣♣
♣♣♣♣..♣
♣((♣♣♣♣♣...♣♣
♣♣♣. ♣(.♣..†♣♣♣
♣♣ ♣....♣ ♣
♣.Y..♣ ♣♣♣@♣♣
♣♣♣


You could see a dire elephant.

Vanquished Creatures
  5 hydras
  The ghost of particleface the Cleaver, a novice HOEE of Okawaru (D:9)
  Erica (D:10)
  Sonja (Lair:6)
  2 oklob plants (Lair:3)
  4 elephants (Lair:6)
  Joseph (D:7)
  A black mamba (Lair:5)
  2 gargoyles (D:10)
  A kobold demonologist (D:9)
  6 spiny frogs
  3 komodo dragons
  4 rime drakes
  A polar bear (Lair:3)
  A queen bee (D:8)
  A troll (D:10)
  3 hornets (Lair:5)
  10 blink frogs
  9 hippogriffs
  Sigmund (D:5)
  29 yaks
  12 spriggans (Lair:5)
  4 wyverns
  2 basilisks
  2 hungry ghosts (D:10)
  12 water moccasins
  A hell hound (Lair:6)
  A black bear (D:8)
  5 porcupines
  2 sky beasts
  5 ice beasts
  2 orc warriors
  4 phantoms
  2 ogres
  3 wolves (Lair:5)
  2 boggarts (Lair:5)
  3 centaurs
  10 crocodiles
  8 big kobolds (D:9)
  16 bullfrogs
  2 scorpions
  A wyvern skeleton (D:10)
  2 water moccasin skeletons
  24 killer bees
  5 howler monkeys
  6 crimson imps
  3 orc priests
  3 jellies
  5 hounds
  2 bullfrog skeletons
  Terence (D:2)
  3 iguanas
  8 orc wizards
  8 worker ants
  Natasha (thrice) (D:2)
  4 hound skeletons
  A howler monkey zombie (D:7)
  A worker ant zombie (D:5)
  12 adders
  7 gnolls
  3 shadow imps
  2 oozes
  2 adder skeletons
  3 worms
  A leopard gecko (D:6)
  36 orcs
  4 ball pythons
  3 giant cockroaches
  4 goblins (D:2)
  7 hobgoblins
  2 jackals (D:1)
  9 kobolds
  3 quokkas
  7 bats
  10 frilled lizards
  2 jackal skeletons (D:6)
  2 quokka skeletons
  6 rats
  3 fungi
  2 plants (Lair:3)
395 creatures vanquished.

Vanquished Creatures (others)
  A fungus (Lair:6)
  2 plants
3 creatures vanquished.

Grand Total: 398 creatures vanquished

Notes
Turn   | Place    | Note
-------+----------+-------------------------------------------
     0 | D:1      | tboon the Minotaur Berserker began the quest for the Orb.
     0 | D:1      | Reached XP level 1. HP: 19/19 MP: 0/0
   153 | D:1      | Reached XP level 2. HP: 15/27 MP: 1/1
   157 | D:1      | Reached skill level 4 in Axes
   888 | D:1      | Found a shattered altar of Ashenzari.
   968 | D:2      | Reached skill level 4 in Fighting
   980 | D:2      | Reached XP level 3. HP: 32/33 MP: 2/2
  1190 | D:2      | Reached skill level 3 in Armour
  1269 | D:2      | Reached ** piety under Trog
  1392 | D:2      | Found a burning altar of Makhleb.
  1392 | D:2      | Found a shimmering altar of Xom.
  1672 | D:2      | Reached XP level 4. HP: 23/40 MP: 3/3
  2056 | D:2      | Noticed Natasha
  2066 | D:2      | Killed Natasha
  2066 | D:2      | Reached skill level 5 in Axes
  2066 | D:2      | Reached skill level 3 in Dodging
  2268 | D:2      | Noticed Natasha
  2271 | D:2      | Noticed Terence
  2274 | D:2      | Killed Natasha
  2274 | D:2      | Reached XP level 5. HP: 47/47 MP: 4/4
  2278 | D:2      | Killed Terence
  2562 | D:2      | Found a shimmering altar of Xom.
  2563 | D:2      | Found a burning altar of Makhleb.
  2676 | D:2      | Noticed Natasha
  2685 | D:2      | Killed Natasha
  3339 | D:3      | Reached skill level 4 in Armour
  3339 | D:3      | Reached XP level 6. HP: 31/55 MP: 5/5
  4182 | D:3      | Reached skill level 6 in Axes
  4268 | D:4      | Reached skill level 5 in Fighting
  4311 | D:4      | Reached skill level 4 in Dodging
  4455 | D:4      | Reached XP level 7. HP: 58/61 MP: 6/6
  4536 | D:4      | Found a radiant altar of Vehumet.
  4807 | D:5      | Entered Level 5 of the Dungeon
  4846 | D:5      | Found a glowing silver altar of Zin.
  4847 | D:5      | Found a hide-covered altar of Uskayaw.
  4877 | D:5      | Reached skill level 7 in Axes
  4896 | D:5      | Found a sacrificial altar of Ru.
  4896 | D:5      | Found a blossoming altar of Fedhas.
  4898 | D:5      | You fall into a shaft and drop 1 floor!
  4949 | D:5      | Reached skill level 5 in Armour
  5316 | D:5      | Noticed Sigmund
  5329 | D:5      | Killed Sigmund
  5329 | D:5      | Reached skill level 6 in Fighting
  5329 | D:5      | Reached skill level 8 in Axes
  5329 | D:5      | Reached skill level 5 in Dodging
  5329 | D:5      | Reached XP level 8. HP: 48/70 MP: 7/7
  5427 | D:5      | Reached *** piety under Trog
  5705 | D:5      | Reached skill level 6 in Armour
  5857 | D:6      | Reached skill level 9 in Axes
  5947 | D:6      | Reached skill level 7 in Fighting
  6071 | D:6      | Reached skill level 6 in Dodging
  6147 | D:6      | Reached XP level 9. HP: 68/79 MP: 8/8
  6328 | D:6      | Reached **** piety under Trog
  6344 | D:6      | Reached skill level 9 in Fighting
  6344 | D:6      | Reached skill level 12 in Axes
  6344 | D:6      | Reached skill level 8 in Armour
  6344 | D:6      | Reached skill level 8 in Dodging
  6344 | D:6      | Reached skill level 4 in Invocations
  6344 | D:6      | Reached XP level 10. HP: 91/91 MP: 8/12
  6453 | D:7      | Noticed Joseph
  6467 | D:7      | Killed Joseph
  6533 | D:7      | Found a staircase to the Ecumenical Temple.
  6538 | Temple   | Entered the Ecumenical Temple
  6577 | D:7      | Reached skill level 9 in Armour
  6806 | D:7      | Reached skill level 1 in Evocations
  7928 | D:8      | Found a staircase to the Lair.
  7953 | D:8      | Reached ***** piety under Trog
  7989 | D:8      | Reached skill level 2 in Evocations
  8191 | D:8      | Reached skill level 13 in Axes
  8505 | D:9      | Reached XP level 11. HP: 92/99 MP: 13/13
  8588 | D:9      | Found a runed translucent gate.
  8589 | D:9      | Noticed particleface's ghost (novice HOEE)
  8590 | D:9      | Found a runed translucent gate.
  8596 | D:9      | Found a runed translucent gate.
  8597 | D:9      | Identified the +8 short sword of Ferocious Integrity {elec,
                  | +Fly}
  8643 | D:9      | Found Moipaukk's Antique Armour Boutique.
  8651 | D:9      | Bought a runed buckler for 165 gold pieces
  8864 | D:9      | Reached skill level 1 in Shields
  8891 | D:9      | Reached skill level 2 in Shields
  8899 | D:9      | Killed particleface's ghost
  8899 | D:9      | Reached skill level 10 in Fighting
  8901 | D:9      | Reached skill level 3 in Shields
  9029 | D:10     | Entered Level 10 of the Dungeon
  9106 | D:10     | You fall into a shaft and drop 1 floor!
  9269 | D:10     | Noticed Erica
  9281 | D:10     | Reached skill level 4 in Shields
  9285 | D:10     | Killed Erica
  9285 | D:10     | Reached skill level 10 in Armour
  9770 | Lair:1   | Entered Level 1 of the Lair of Beasts
  9976 | Lair:1   | Reached skill level 11 in Fighting
 10028 | Lair:1   | Reached skill level 14 in Axes
 10052 | Lair:1   | Got a glittering granite ring
 10076 | Lair:1   | Identified the ring "Ruadd" {rElec rC+ rN+ Str-5} (You
                  | found it on level 1 of the Lair of Beasts)
 10158 | Lair:1   | Reached skill level 11 in Armour
 10222 | Lair:1   | Reached XP level 12. HP: 102/110 MP: 14/14
 11085 | Lair:2   | Reached skill level 1 in Long Blades
 11926 | Lair:3   | Reached skill level 2 in Long Blades
 11936 | Lair:3   | Reached ****** piety under Trog
 12045 | Lair:3   | Reached skill level 3 in Evocations
 12069 | Lair:3   | Found a large runed translucent door.
 12070 | Lair:3   | Found a large runed translucent door.
 12087 | Lair:3   | Found a staircase to the Swamp.
 12097 | Lair:3   | Reached skill level 12 in Fighting
 12097 | Lair:3   | Reached skill level 3 in Long Blades
 12107 | Lair:3   | Found a staircase to the Snake Pit.
 12197 | Lair:3   | Noticed Deed's ghost (journeyman MiFi)
 12293 | Lair:3   | Noticed a five-headed hydra
 12301 | Lair:3   | Killed a three-headed hydra
 12778 | Lair:3   | HP: 33/168 [acid (14)]
 12784 | Lair:3   | Reached skill level 4 in Long Blades
 12963 | Lair:4   | Reached skill level 12 in Armour
 12969 | Lair:4   | Got a dazzling hand axe
 13023 | Lair:4   | Reached skill level 5 in Long Blades
 13203 | Lair:4   | Noticed a minotaur
 13203 | Lair:4   | Noticed Tunlugh's ghost (adept GrEE)
 13226 | Lair:4   | Found a runed translucent gate.
 13226 | Lair:4   | Found a runed translucent gate.
 13226 | Lair:4   | Found a runed translucent gate.
 13797 | Lair:5   | Found a viscous altar of Jiyva.
 13797 | Lair:5   | Found a staircase to the Slime Pits.
 13841 | Lair:5   | Noticed a five-headed hydra
 13847 | Lair:5   | Killed a two-headed hydra
 13847 | Lair:5   | Reached skill level 4 in Evocations
 14449 | Lair:5   | Noticed a five-headed hydra
 14455 | Lair:5   | Killed a one-headed hydra
 14745 | Lair:5   | Reached XP level 13. HP: 38/119 MP: 15/15
 14747 | Lair:5   | HP: 26/119 [spriggan/+0 spear (5)]
 14928 | Lair:5   | HP: 14/119 [spriggan rider/+5 spear of venom (21)]
 14934 | Lair:5   | HP: 19/178 [poisoned by a spriggan rider]
 14938 | Lair:5   | Reached skill level 5 in Evocations
 14940 | Lair:5   | HP: 10/178 [poisoned by a spriggan rider]
 14949 | Lair:5   | HP: 5/178 [poisoned by a spriggan rider]
 14954 | Lair:5   | HP: 4/119 [poisoned by a spriggan rider]
 14967 | Lair:5   | HP: 10/119 [crocodile[a boggart] (10)]
 15266 | Lair:5   | Reached skill level 13 in Fighting
 15430 | Lair:6   | Entered Level 6 of the Lair of Beasts
 15486 | Lair:5   | Received a gift from Trog
 15557 | Lair:6   | Reached skill level 13 in Armour
 15644 | Lair:6   | Noticed Sonja
 15653 | Lair:6   | Killed Sonja
 16248 | Lair:6   | Noticed a dire elephant
 16259 | Lair:6   | Reached skill level 14 in Fighting
 16270 | Lair:6   | HP: 28/124 [dire elephant (16)]
 16275 | Lair:6   | Slain by a dire elephant

Illustrated notes

Levels and vault maps discovered:
D:1:      dpeg_arrival_water_altar, layout_loops_cross
D:2:      layout_basic, gammafunk_temple_overflow_statue, kennysheep_cross_room,
          uniq_terence, uniq_natasha
D:3:      layout_loops_corners
D:4:      layout_rooms, lemuel_coloured_pillars_altar, serial_corexii_hall,
          corexii_hall_statues_s, chequers_hall_statues_y
D:5:      layout_loops_ring, grunt_temple_overflow_open, first_ration,
          uniq_sigmund
D:6:      layout_cave_pools
D:7:      layout_loops_cross, minmay_temple_entry_glassed_door, nrook_campfire,
          uniq_joseph
D:8:      layout_loops_corners, dpeg_oklobed_lair, david_nohive_1,
          nicolae_two_hexagons
D:9:      layout_rooms, gammafunk_ghost_nasty_kobolds, serial_shops,
          nicolae_shop_temple_entry_statues_fountains
D:10:     layout_roguey, uniq_erica
D:11:     cheibrodos_histonic, layout_irregular_city, orc_0_dummy
Temple:   regret_index_temple_generic_petals
Lair:1:   layout_chaotic_city, grunt_megastairs_2
Lair:2:   layout_chaotic_city, st_stairs_11, minivault_25, grunt_megastairs_5,
          lemuel_fruit_tree
Lair:3:   layout_regular_city, swamp_mist_pool, dummy_snake_entry,
          ebering_ghost_disaster_area, minmay_lair_oklob_chamber
Lair:4:   layout_misc_corridors, maelrawn_ghost_gauntlet_escape
Lair:5:   kb_forest_paths, layout_layer_cave, slime_altar_1
Lair:6:   evil_forest, layout_cave_pods, chequers_serial_rivers_room_a,
          uniq_sonja, uniq_nessos

Skill      XL: |  1  2  3  4  5  6  7  8  9 10 11 12 13 |
---------------+----------------------------------------+-----
Axes           | 4 5 6 8 9 12 13 14 | 14.5
Fighting       | 4 5 6 7 9 11 12 14 | 14.0
Armour         | 3 4 5 6 8 9 11 12 13 | 13.7
Dodging        | 3 4 5 6 8 |  8.7
Invocations    | 4 |  4.6
Evocations     | 2 4 5 |  5.0
Shields        | 4 |  4.0
Long Blades    | 5 |  5.0

Action                   |  1- 3 |  4- 6 |  7- 9 | 10-12 | 13-15 || total
-------------------------+-------+-------+-------+-------+-------++-------
Melee: Hand axe          |    85 |     1 |       |       |       ||    86
       Headbutt          |     9 |    28 |    33 |   144 |    49 ||   263
       War axe           |       |   130 |   172 |   704 |   220 ||  1226
       Scimitar          |       |       |       |    12 |    13 ||    25
Throw: Dart              |       |     8 |     6 |    22 |    10 ||    46
Invok: Berserk           |     1 |     2 |     1 |     5 |     2 ||    11
       Trog's Hand       |       |     5 |     2 |     3 |     1 ||    11
Evoke: Wand              |     1 |       |       |       |       ||     1
  Use: Scroll            |       |     1 |    12 |     4 |       ||    17
       Potion            |       |       |     1 |       |     2 ||     3
  Eat: Chunk             |     3 |    10 |     7 |    18 |     3 ||    41
       Ration            |       |     1 |       |     5 |     1 ||     7
Armor: Animal skin       |     5 |       |       |       |       ||     5
       Ring mail         |    14 |    32 |       |       |       ||    46
       Scale mail        |       |    25 |    53 |   170 |    67 ||   315
Dodge: Dodged            |    38 |    45 |    86 |   380 |   137 ||   686
Block: Buckler           |       |       |       |    99 |    47 ||   146
       Reflection        |       |       |       |     1 |     1 ||     2
       Rpst.: Scimitar   |       |       |       |     1 |     1 ||     2

Levels and vault maps discovered:
D:1:      dpeg_arrival_water_altar, layout_loops_cross
D:2:      layout_basic, gammafunk_temple_overflow_statue, kennysheep_cross_room,
          uniq_terence, uniq_natasha
D:3:      layout_loops_corners
D:4:      layout_rooms, lemuel_coloured_pillars_altar, serial_corexii_hall,
          corexii_hall_statues_s, chequers_hall_statues_y
D:5:      layout_loops_ring, grunt_temple_overflow_open, first_ration,
          uniq_sigmund
D:6:      layout_cave_pools
D:7:      layout_loops_cross, minmay_temple_entry_glassed_door, nrook_campfire,
          uniq_joseph
D:8:      layout_loops_corners, dpeg_oklobed_lair, david_nohive_1,
          nicolae_two_hexagons
D:9:      layout_rooms, gammafunk_ghost_nasty_kobolds, serial_shops,
          nicolae_shop_temple_entry_statues_fountains
D:10:     layout_roguey, uniq_erica
D:11:     cheibrodos_histonic, layout_irregular_city, orc_0_dummy
Temple:   regret_index_temple_generic_petals
Lair:1:   layout_chaotic_city, grunt_megastairs_2
Lair:2:   layout_chaotic_city, st_stairs_11, minivault_25, grunt_megastairs_5,
          lemuel_fruit_tree
Lair:3:   layout_regular_city, swamp_mist_pool, dummy_snake_entry,
          ebering_ghost_disaster_area, minmay_lair_oklob_chamber
Lair:4:   layout_misc_corridors, maelrawn_ghost_gauntlet_escape
Lair:5:   kb_forest_paths, layout_layer_cave, slime_altar_1
Lair:6:   evil_forest, layout_cave_pods, chequers_serial_rivers_room_a,
          uniq_sonja, uniq_nessos

Table legend:
 A = Turns spent in this place as a percentage of turns spent in the entire game.
 B = Non-inter-level travel turns spent in this place as a percentage of non-inter-level travel turns spent in the entire game.
 C = Inter-level travel turns spent in this place as a percentage of turns spent in this place.
 D = Turns resting spent in this place as a percentage of non-inter-level travel turns spent in this place.
 E = Turns spent auto-exploring this place as a percentage of non-inter-level travel turns spent in this place.
 F = Non-inter-level travel turns spent in this place divided by the number of levels of this place that you've seen.
                   A       B       C       D       E      F
               +-------+-------+-------+-------+-------+----------------------
         Total | 100.0 | 100.0 |   2.7 |  17.7 |  58.0 | 879.6
       Dungeon |  60.7 |  60.5 |   2.9 |  16.0 |  61.0 | 871.1
        Temple |   0.0 |   0.0 |   0.0 |   0.0 |   0.0 |   2.0
          Lair |  39.3 |  39.5 |   2.4 |  20.4 |  53.4 | 1041.5
               +-------+-------+-------+-------+-------+----------------------

Table legend:
 A = Kills in this place as a percentage of kills in entire the game.
 B = Kills by you in this place as a percentage of kills by you in the entire game.
 C = Kills by friends in this place as a percentage of kills by friends in the entire game.
 D = Other kills in this place as a percentage of other kills in the entire game.
 E = Experience gained in this place as a percentage of experience gained in the entire game.
 F = Experience gained in this place divided by the number of levels of this place that you have seen.
                   A       B       C       D       E      F
               +-------+-------+-------+-------+-------+----------------------
         Total | 100.0 | 100.0 |   N/A |   N/A | 100.0 | 2646.3
       Dungeon |  66.2 |  66.2 |   N/A |   N/A |  29.2 | 1265.3
          Lair |  33.8 |  33.8 |   N/A |   N/A |  70.8 | 5619.2
               +-------+-------+-------+-------+-------+----------------------
